 Dungeon Crawl Stone Soup version 0.18.1-8-gdd0e5ea (webtiles) character file.

568 Firecrotchwizard the Covert (level 7, -9/52 HPs)
             Began as a Vampire Assassin on June 12, 2016.
             Was a Follower of Yredelemnul.
             Mangled by Jackofblades's ghost (17 damage)
             ... on level 4 of the Dungeon.
             The game lasted 00:15:30 (3362 turns).

Firecrotchwizard the Covert (Vampire Assassin)      Turns: 3362, Time: 00:15:31

Health: -9/52      AC:  6    Str: 10    XL:     7   Next: 11%
Magic:  7/7        EV: 14    Int: 14    God:    Yredelemnul [*.....]
Gold:   168        SH:  0    Dex: 17    Spells: 0 memorised, 6 levels left

rFire  . . .     SeeInvis +     t - +1 dagger (venom)
rCold  + . .     Gourm    .     o - +2 leather armour {rPois}
rNeg   + + .     Faith    .     (no shield)
rPois  +         Spirit   .     (no helmet)
rElec  .         Dismiss  .     d - +0 cloak
rCorr  .         Reflect  .     (no gloves)
SustAt .         Harm     .     (no boots)
MR     .....                    (no amulet)
Stlth  +++++.....               (no ring)
                                v - ring of poison resistance

@: regenerating slowly, not resistant to hostile enchantments, quite stealthy
A: fangs 3, see invisible, unbreathing
a: Bat Form, Animate Remains, Renounce Religion


You were on level 4 of the Dungeon.
You worshipped Yredelemnul.
Yredelemnul was aware of your devotion.
You were very thirsty.

You visited 1 branch of the dungeon, and saw 4 of its levels.

You collected 168 gold pieces.

Inventory:

Hand Weapons
 a - a +2 dagger
 b - a +0 blowgun
 p - a +2 mace of draining
 t - a +1 dagger of venom (weapon)
Missiles
 e - 61 poisoned needles
 f - 2 curare-tipped needles
Armour
 c - a +0 robe
 d - a +0 cloak (worn)
 o - a +2 leather armour of poison resistance (worn)
Jewellery
 v - a ring of poison resistance (left hand)
Wands
 w - a wand of confusion (28/48)
Scrolls
 g - a scroll of fear {unknown}
 i - 4 scrolls of remove curse
 k - 3 scrolls of identify
 l - 2 scrolls of immolation
 m - a scroll of recharging
 s - a scroll of noise {unknown}
 u - a scroll of teleportation {unknown}
Potions
 h - 2 potions of haste {unknown}
 j - 2 potions of berserk rage
 n - 2 potions of brilliance {unknown}
 q - 2 potions of mutation {unknown}
 r - 2 potions of curing {unknown}
 x - a potion of degeneration {unknown}


   Skills:
 + Level 3.2 Fighting
 + Level 3.5 Short Blades
 + Level 1.7 Throwing
 - Level 0.1 Armour
 + Level 4.4 Dodging
 + Level 9.5 Stealth


You had 6 spell levels left.
You didn't know any spells.

Dungeon Overview and Level Annotations

Branches:
Dungeon (4/15)
 Temple: D:4-7

Altars:
Sif Muna
Trog
Xom
Yredelemnul

Shops:
D:4 [

Annotations:
D:4 Jackofblades's ghost, amateur HOFi


Innate Abilities, Weirdness & Mutations

You heal slowly.
You have razor-sharp teeth.
You have supernaturally acute eyesight.
You can survive without breathing.


Message History

You hit Jackofblades's ghost but do no damage.
Jackofblades's ghost is lightly damaged.
Jackofblades's ghost hits you!
You hit Jackofblades's ghost but do no damage.
Jackofblades's ghost is lightly damaged.
You hit Jackofblades's ghost but do no damage.
Jackofblades's ghost is lightly damaged.
Jackofblades's ghost hits you!
You hit Jackofblades's ghost but do no damage.
Jackofblades's ghost is lightly damaged.
Jackofblades's ghost misses you.
You hit Jackofblades's ghost but do no damage.
Jackofblades's ghost is lightly damaged.
Jackofblades's ghost hits you!
* * * LOW HITPOINT WARNING * * *
You hit Jackofblades's ghost but do no damage.
Jackofblades's ghost is lightly damaged.
Jackofblades's ghost hits you!
You die...
Yredelemnul claims you as an undead slave.

...##....#............#
...##....+............#
.........#............#
%..##....#............#
...##....#............#
.........#............#
...##....#............#
...##....#............#
...##...##.....W@.....#
...##...#......######........
........#......# #........
........#......# #........
#####...#......# #........
...##...'......# #..).....
....'...#......# #........
....#...#.[....# #........
....#...#......#


You could see Jackofblades's ghost.

Vanquished Creatures
  Grinder (D:4)
  A giant frog (D:3)
  A hound (D:4)
  A centaur skeleton (D:4)
  2 iguanas (D:4)
  3 worker ants (D:4)
  3 gnolls (D:4)
  4 adders
  3 dart slugs
  2 giant geckos
  A giant cockroach (D:2)
  7 goblins
  A hobgoblin (D:1)
  6 jackals
  9 kobolds
  2 quokkas
  5 bats
  6 giant newts
  A quokka skeleton (D:4)
  5 rats
64 creatures vanquished.

Notes
Turn   | Place    | Note
--------------------------------------------------------------
     0 | D:1      | Firecrotchwizard the Vampire Assassin began the quest for the Orb.
     0 | D:1      | Reached XP level 1. HP: 16/16 MP: 1/1
     3 | D:1      | Noticed an electric eel
     3 | D:1      | Noticed an electric eel
    14 | D:1      | Reached skill level 6 in Stealth
   283 | D:1      | Reached XP level 2. HP: 22/22 MP: 2/2
   433 | D:1      | Reached skill level 7 in Stealth
   813 | D:2      | Found a deep blue altar of Sif Muna.
   876 | D:2      | Found a basalt altar of Yredelemnul.
   900 | D:2      | Became a worshipper of Yredelemnul the Dark
   910 | D:2      | Reached XP level 3. HP: 27/27 MP: 3/3
  1500 | D:3      | Found a bloodstained altar of Trog.
  1512 | D:3      | Found a shimmering altar of Xom.
  1543 | D:3      | Reached XP level 4. HP: 14/33 MP: 4/4
  1774 | D:3      | Reached * piety under Yredelemnul
  1982 | D:3      | Noticed a giant frog
  2172 | D:3      | Killed a giant frog
  2172 | D:3      | Reached skill level 8 in Stealth
  2172 | D:3      | Reached XP level 5. HP: 18/39 MP: 5/5
  2719 | D:4      | Reached XP level 6. HP: 46/46 MP: 6/6
  2860 | D:4      | Found Qaiwuol's Antique Armour Shoppe.
  2904 | D:4      | Noticed Grinder
  2911 | D:4      | Paralysed by Grinder for 3 turns
  2924 | D:4      | Killed Grinder
  2924 | D:4      | Reached skill level 9 in Stealth
  2924 | D:4      | Reached XP level 7. HP: 20/52 MP: 7/7
  3348 | D:4      | Noticed Jackofblades's ghost (amateur HOFi)
  3362 | D:4      | Mangled by Jackofblades's ghost

Skill      XL: |  1  2  3  4  5  6 |
---------------+-------------------+-----
Stealth        | 6 7 8 9 |  9.5
Fighting       | 2 3 |  3.2
Dodging        | 2 3 4 |  4.4
Short Blades   | 3 |  3.5
Throwing       | |  1.7
Armour         | |  0.1

Action                   |  1- 3 |  4- 6 |  7- 9 || total
-------------------------+-------+-------+-------++-------
Melee: Dagger            |   119 |    93 |    10 ||   222
       Bite              |     4 |    17 |       ||    21
       Unarmed           |     6 |       |       ||     6
 Fire: Blowgun           |     2 |       |       ||     2
 Abil: End Transformatio |     1 |       |       ||     1
       Bat Form          |     1 |       |       ||     1
  Use: Scroll            |     5 |     1 |       ||     6
 Stab: Sleeping          |    18 |     6 |       ||    24
  Eat: Corpse            |     5 |     1 |       ||     6
Armor: Robe              |     7 |       |       ||     7
       Leather armour    |    23 |    19 |       ||    42
Dodge: Dodged            |    69 |    50 |     4 ||   123
